Map: Newkirk Precinct TE (Void)

Players

HaPe - Winner!

  • Race: Protoss Protoss
  • Spawn Location: 7:00

WhiteWolf

  • Race: Terran Terran
  • Spawn Location: 5:00

Event: IEM XI Katowice - World Championship 2017

VOD

Have the link to the VOD?

Description

Time

  • Played on: Feb. 28, 2017, 8:34 a.m.
  • Length: 8:31

All games in this series

Show
View Real Time Build Order
Export as new Build Order

HaPe Protoss - Winner!

Build Orders: Colossus Rush 

Get SALT Encoding   

  12  0:01  Probe (Chrono Boost)  
  13  0:13  Probe (Chrono Boost)  
  14  0:18  Pylon  
  14  0:26  Probe (Chrono Boost)  
  15  0:38  Probe (Chrono Boost), Gateway  
  16  0:46  Assimilator  
  16  0:49  Probe (Chrono Boost)  
  17  1:00  Probe (Chrono Boost)  
  18  1:12  Probe (Chrono Boost)  
  19  1:27  Cybernetics Core  
  19  1:28  Probe (Chrono Boost)  
  20  1:39  Probe (Chrono Boost)  
  21  1:41  Assimilator  
  21  1:42  Pylon  
  21  1:57  Nexus  
  22  2:04  Adept  
  23  2:10  Warp Gate  
  23  2:11  Probe (Chrono Boost)  
  24  2:27  Probe (Chrono Boost)  
  25  2:37  Robotics Facility  
  25  2:40  Mothership Core (Chrono Boost)  
  27  2:54  Gateway  
  27  3:00  Probe (Chrono Boost)  
  27  3:03  Stalker  
  29  3:12  Probe x2 (Chrono Boost)  
  31  3:13  Pylon  
  31  3:24  Probe (Chrono Boost)  
  31  3:25  Probe (Chrono Boost)  
  31  3:26  Observer  
  33  3:33  Forge  
  34  3:39  Probe (Chrono Boost)  
  34  3:40  Probe (Chrono Boost)  
  36  3:49  Probe (Chrono Boost)  
  36  3:50  Gateway  
  36  3:55  Protoss Ground Weapons Level 1  
  37  4:06  Probe (Chrono Boost)  
  37  4:08  Probe (Chrono Boost)  
  37  4:09  Immortal  
  44  4:17  Probe (Chrono Boost)  
  44  4:20  Probe (Chrono Boost)  
  45  4:24  Adept  
  45  4:25  Sentry  
  45  4:28  Probe (Chrono Boost)  
  51  4:32  Probe (Chrono Boost)  
  51  4:38  Robotics Bay  
  51  4:41  Probe (Chrono Boost)  
  52  4:47  Assimilator  
  52  4:48  Adept  
  52  4:49  Assimilator  
  52  4:51  Pylon  
  54  5:10  Observer  
  54  5:11  Probe x2 (Chrono Boost)  
  57  5:15  Pylon  
  57  5:18  Pylon  
  57  5:21  Gateway  
  57  5:23  Probe (Chrono Boost), Gateway  
  57  5:25  Photon Cannon  
  58  5:32  Probe (Chrono Boost)  
  58  5:33  Colossus  
  59  5:38  Protoss Ground Armor Level 1, Photon Cannon  
  65  5:48  Pylon  
  66  5:51  Probe (Chrono Boost)  
  66  5:57  Adept x2  
  70  6:06  Extended Thermal Lance  
  70  6:17  Probe (Chrono Boost)  
  71  6:21  Adept x3, Probe (Chrono Boost)  
  78  6:29  Colossus  
  84  6:47  Nexus  
  84  6:49  Pylon  
  84  6:55  Twilight Council  
  84  7:07  Twilight Council  
  84  7:10  Gateway  
  84  7:11  Gateway  
  84  7:15  Pylon  
  84  7:23  Stalker x2  
  88  7:31  Stalker x2  
  88  7:33  Adept  
  94  7:49  Stalker  
  96  7:53  Adept  
  96  8:02  Stalker x2  
  96  8:03  Probe (Chrono Boost)  
  94  8:29  Stalker x3  
Show
View Real Time Build Order
Export as new Build Order

WhiteWolf Terran 

Build Orders: Reaper Expand, MMM Bio 

Get SALT Encoding   

  12  0:00  SCV  
  13  0:13  SCV  
  14  0:19  Supply Depot  
  14  0:25  SCV  
  15  0:40  SCV  
  15  0:41  Barracks  
  16  0:45  Refinery  
  16  0:53  SCV  
  17  1:05  SCV  
  18  1:18  SCV  
  19  1:28  Reaper  
  19  1:31  Orbital Command  
  20  1:49  Command Center  
  20  2:07  Barracks Reactor  
  20  2:08  SCV  
  21  2:15  Bunker  
  21  2:20  SCV  
  21  2:22  Barracks  
  22  2:32  Supply Depot  
  21  2:41  SCV  
  22  2:44  Refinery  
  22  2:46  Marine  
  22  2:49  Engineering Bay  
  23  2:53  Marine  
  24  3:02  SCV  
  25  3:08  Marine  
  25  3:11  Factory, Barracks Tech Lab  
  26  3:16  Missile Turret  
  26  3:25  SCV  
  27  3:28  Marine x2  
  29  3:38  SCV  
  29  3:39  Marine, Stimpack  
  31  3:49  Orbital Command  
  30  4:02  SCV  
  30  4:05  Missile Turret  
  29  4:12  Marine x3  
  29  4:14  SCV  
  33  4:19  Starport  
  33  4:21  SCV  
  34  4:26  SCV  
  34  4:28  Factory Reactor  
  35  4:35  Marine x3  
  35  4:36  Missile Turret  
  38  4:39  SCV  
  38  4:40  SCV  
  40  4:52  SCV x2  
  42  4:54  Terran Infantry Weapons Level 1, Supply Depot  
  42  4:56  Marine x2  
  44  5:10  SCV x2  
  46  5:16  Medivac x2  
  46  5:17  Widow Mine  
  46  5:21  Supply Depot  
  52  5:22  Supply Depot, SCV x2  
  54  5:33  Refinery  
  54  5:40  Liberator, Combat Shields  
  54  5:42  SCV x2  
  56  5:45  Supply Depot  
  56  5:46  Marine x3  
  59  5:55  SCV x2  
  59  5:56  Medivac  
  63  6:03  Barracks  
  66  6:06  Barracks  
  66  6:08  SCV x2  
  64  6:34  Marine x3  
  64  6:35  Widow Mine  
  64  6:36  Medivac  
  64  6:37  SCV x2  
  64  6:39  Medivac  
  68  6:54  Liberator  
  68  6:56  Barracks  
  68  6:57  Marine x2  
  68  6:58  Marauder, Command Center  
  72  7:05  SCV x2  
  72  7:07  Refinery  
  74  7:10  Supply Depot  
  76  7:20  Marine x2  
  76  7:21  Barracks Tech Lab, Barracks Reactor  
  78  7:23  Concussive Shells  
  78  7:27  Supply Depot  
  78  7:28  Widow Mine  
  78  7:29  SCV x2  
  82  7:36  Armory  
  82  7:39  Engineering Bay  
  82  7:57  Marine x4  
  90  7:58  Marauder x2  
  90  8:03  SCV x2  
  90  8:04  Marine  
  95  8:10  Supply Depot  

Tags
 
Add a new tag
Caveats
  • Supply blocks, unpowered buildings, or Contaminate may cause inaccurate times.
  • Supply counts are checked every 10 seconds.